 Dungeon Crawl Stone Soup version 0.28-a0-578-g717728bcc0 (webtiles) character file.

Game seed: 15776535104096211180

70 Conn the Firebug (level 4, 0/27 HPs)
             Began as an Octopode Fire Elementalist on Oct 2, 2021.
             Succumbed to a scorpion's poison
             ... on level 4 of the Dungeon.
             The game lasted 00:03:13 (3036 turns).

Conn the Firebug (Octopode Fire Elementalist)       Turns: 3036, Time: 00:03:14

Health: 0/27       AC:  1    Str:  7    XL:     4   Next: 21%
Magic:  5/7        EV: 13    Int: 24    God:
Gold:   48         SH:  0    Dex: 12    Spells: 6/7 levels left

rFire   . . .      SeeInvis .   f - +0 dagger
rCold   . . .      Faith    .   (no shield)
rNeg    . . .      Spirit   .   (helmet restricted)
rPois   .          Reflect  .   (no amulet)
rElec   .          Harm     .   a - +6 ring of intelligence
rCorr   .          Rampage  .   (no ring)
Will    .....                   (no ring)
Stlth   +++.......              (no ring)
HPRegen 0.09/turn               (no ring)
MPRegen 0.10/turn               (no ring)
                                (no ring)
                                (no ring)

@: mighty, lethally poisoned (0 -> -6)
A: almost no armour, amphibious, 8 rings, camouflage 1, gelatinous body 1,
(nimble swimmer 1), tentacles
a: no special abilities


You were on level 4 of the Dungeon.
You visited 1 branch of the dungeon, and saw 5 of its levels.

You collected 48 gold pieces.

Inventory:

Hand Weapons
 f - a +0 dagger (weapon)
Jewellery
 a - a +6 ring of intelligence (left tentacle)
Scrolls
 g - a scroll of identify {unknown}


   Skills:
 + Level 2.3 Dodging
 + Level 3.9 Stealth
 + Level 2.3 Spellcasting
 + Level 1.1 Conjurations
 + Level 4.0 Fire Magic


You had 6 spell levels left.
You knew the following spells:

 Your Spells              Type           Power      Damage    Failure   Level
a - Foxfire               Conj/Fire      60%        2x1d7     4%          1

Your spell library contained the following spells:

 Spells                   Type           Power      Damage    Failure   Level
 Scorch                   Fire           44%        2d7       3%          2
 Sandblast                Erth           4%         2d4       12%         1
 Conjure Flame            Conj/Fire      15%        6-21      12%         3
 Inner Flame              Hex/Fire       12%        N/A       16%         3
 Passwall                 Tmut/Erth      1%         N/A       19%         2
 Stone Arrow              Conj/Erth      10%        3d7       28%         3
 Flame Wave               Conj/Fire      15%        3d5       38%         4


Dungeon Overview and Level Annotations

Branches:
Dungeon (5/15)
 Temple: D:4-7

Altars:


Innate Abilities, Weirdness & Mutations

You cannot wear most types of armour.
You are amphibious.
You can wear up to eight rings at the same time.
Your skin changes colour to match your surroundings (Stealth+).
Your rubbery body absorbs attacks. (AC +1, EV +1)
((You are camouflaged near water. (Stealth+)))
You have tentacles for arms and can constrict up to eight enemies at once.


Message History

You constrict the scorpion, but do no damage.
The scorpion stings you!
Unknown command.
Casting: Foxfire (safe; 4% risk of failure)
Confirm with . or Enter, or press ? or * to list all spells.
You conjure some foxfire!
You constrict the scorpion, but do no damage.
The scorpion stings you.
You are poisoned.
The scorpion poisons you!
You barely miss the scorpion. You squeeze the scorpion.
The scorpion is severely wounded.
You constrict the scorpion.
You feel very sick.
The foxfire hits the scorpion but does no damage.
The scorpion is severely wounded.
The scorpion stings you.
Unknown command.
Okay, then.
Casting: Foxfire (safe; 4% risk of failure)
Confirm with . or Enter, or press ? or * to list all spells.
You conjure some foxfire!
You constrict the scorpion.
* * * LOW HITPOINT WARNING * * *
You feel sick. The scorpion misses you. The scorpion closely misses you.
Unknown command.
You hit the scorpion but do no damage.
The scorpion is almost dead.
You constrict the scorpion, but do no damage.
* * * LOW HITPOINT WARNING * * *
You feel sick.
The foxfire hits the scorpion but does no damage.
The scorpion is almost dead.
The foxfire hits the scorpion but does no damage.
The scorpion is almost dead.
The scorpion stings you.
* * * LOW HITPOINT WARNING * * *
It was a potion of might.
You feel very mighty all of a sudden.
You constrict the scorpion.
You die...

#. ... ....
#.#########....
#.....s.§....$.
###@....#
#)§v....##
##.$.....#
##.....##
###.....#
#..##.####
###......+
#......##
#..#..>#


You could see a scorpion (ally target).

Vanquished Creatures
  4 adders
  2 worms (D:2)
  3 ball pythons
  3 bats (D:2)
  3 endoplasms
  A giant cockroach (D:2)
  2 goblins
  A hobgoblin (D:2)
  3 kobolds
  3 quokkas
  A frilled lizard (D:1)
  A rat (D:1)
27 creatures vanquished.

Vanquished Creatures (others)
  58 foxfires
58 creatures vanquished.

Grand Total: 85 creatures vanquished

Notes
Turn   | Place    | Note
-------+----------+-------------------------------------------
     0 | D:1      | Conn the Octopode Fire Elementalist began the quest for the
                  | Orb.
     0 | D:1      | Reached XP level 1. HP: 11/11 MP: 3/3
   986 | D:2      | Reached XP level 2. HP: 17/17 MP: 0/5
  1356 | D:2      | Reached XP level 3. HP: 4/21 MP: 3/6
  1358 | D:2      | HP: 1/21 [poisoned by an adder]
  2242 | D:2      | Reached skill level 4 in Fire Magic
  2782 | D:3      | Reached XP level 4. HP: 27/27 MP: 7/7
  2850 | D:3      | You fall into a shaft and drop 2 floors!
  2850 | D:5      | Entered Level 5 of the Dungeon
  3005 | D:5      | Noticed a gnoll sergeant
  3024 | D:4      | Noticed a scorpion
  3035 | D:4      | HP: 1/27 [scorpion (5)]
  3036 | D:4      | Succumbed to a scorpion's poison

Illustrated notes

Levels and vault maps discovered:
D:1:      scummos_arrival_checkerplants, layout_basic
D:2:      layout_loops_ring, serial_co_window_serial, co_window_paths_a,
          co_window_cross_1, co_window_of_opportunity_a, co_window_corner_a,
          co_window_paths_a, co_window_corner_cb, co_window_corner_cb,
          co_window_corner_b, co_window_sun, co_window_4corner_b,
          glass_columns_b, glass_columns_c, glass_columns_a, glass_columns_c,
          glass_columns_c
D:3:      layout_loops_cross, serial_bayou, serial_bayou_pond_b,
          serial_bayou_pond_b, serial_bayou_pond_c, serial_bayou_pond_e
D:4:      minmay_clustersquares, layout_cave_pools,
          lemuel_mausoleum_altar_kikubaaqudgha,
          yredelemnul_forgotten_temple_becter, temple_pool_b,
          wad_rectangle_vault
D:5:      layout_gridville, jmf_multi_god_temple, mainiacjoe_overflow_paths,
          lightli_sewer_entry_pipes, uniq_grinder

Skill      XL: |  1  2  3 |
---------------+----------+-----
Stealth        | 3 |  3.9
Fire Magic     | 4 |  4.0
Dodging        | |  2.3
Spellcasting   | |  2.3
Conjurations   | |  1.1

Action                   |  1- 3 |  4- 6 || total
-------------------------+-------+-------++-------
Melee: Unarmed           |     2 |       ||     2
       Constrict         |     5 |     2 ||     7
       Tentacles         |     5 |     1 ||     6
       Dagger            |    18 |     9 ||    27
 Cast: Foxfire           |    33 |     5 ||    38
  Use: Scroll            |     3 |       ||     3
       Potion            |     2 |     1 ||     3
 Stab: Sleeping          |     5 |     3 ||     8
Armor: Skin              |     6 |     1 ||     7
Dodge: Dodged            |    13 |     7 ||    20

Table legend: (Time is in decaauts)
 A = Elapsed time spent in this place.
 B = Non-inter-level travel time spent in this place.
 C = Inter-level travel time spent in this place.
 D = Time resting spent in this place.
 E = Time spent auto-exploring this place.
 F = Levels seen in this place.
 G = Mean time per level.
                   A        B        C        D        E       F      G
               +--------+--------+--------+--------+--------+-----+--------+
         Total |   3033 |   2987 |     46 |    123 |   2599 |   5 |  606.6 |
       Dungeon |   3033 |   2987 |     46 |    123 |   2599 |   5 |  606.6 |
               +--------+--------+--------+--------+--------+-----+--------+

Top non-repeatable levels by time:
     D:2: 1802 daAuts
     D:1: 974 daAuts
     D:5: 168 daAuts
     D:3: 71 daAuts
     D:4: 16 daAuts
